 Dungeon Crawl Stone Soup version 0.27.0-1-g7a089689b8 (webtiles) character file.

Game seed: 18380565206914307418

3386 thirtiethelement the Slasher (level 9, -3/65 (69) HPs)
             Began as a Demonspawn Abyssal Knight on Aug 15, 2021.
             Was a Priest of Lugonu.
             Slain by Joseph (14 damage)
             ... while paralysed by Joseph
             ... on level 7 of the Dungeon.
             The game lasted 00:21:37 (9475 turns).

thirtiethelement the Slasher (DsAK)                 Turns: 9475, Time: 00:21:38

HP:   -3/65 (69)    AC: 19    Str: 20    XL:     9   Next: 74%
MP:   12/12         EV:  2    Int: 16    God:    Lugonu [***...]
Gold: 174           SH:  0    Dex: 12    Spells: 7/9 levels left

rFire    . . .     SeeInvis .   x - +2 falchion
rCold    + . .     Faith    .   (no shield)
rNeg     . . .     Spirit   .   o - +3 ring mail {rC+}
rPois    .         Reflect  .   g - +0 helmet
rElec    .         Harm     .   d - +2 cloak
rCorr    .         Rampage  .   (no gloves)
Will     .....                  (no boots)
Stlth    +.........             (no amulet)
HPRegen  0.20/turn              e - ring of flight
MPRegen  0.13/turn              l - +6 ring of strength

@: paralysed, sanguine armoured, flying, drained
A: talons 2, foul stench 1, powered by death 1, sanguine armour 1
a: Renounce Religion, Depart the Abyss, Bend Space, Banish


You were on level 7 of the Dungeon.
You worshipped Lugonu.
Lugonu was most pleased with you.
You visited 1 branch of the dungeon, and saw 7 of its levels.
You visited the Abyss 1 time.

You collected 282 gold pieces.
You spent 108 gold pieces at shops.

Inventory:

Hand Weapons
 a - a +1 falchion
 x - a +2 falchion (weapon)
Missiles
 w - 7 boomerangs (quivered)
Armour
 d - a +2 cloak (worn)
 g - a +0 helmet (worn)
 m - a +2 robe of resistance
 o - a +3 ring mail of cold resistance (worn)
Jewellery
 c - a ring of ice
 e - a ring of flight (left hand)
 i - a +6 ring of intelligence
 l - a +6 ring of strength (right hand)
Wands
 b - a wand of flame (20)
 s - a wand of polymorph (8)
 v - a wand of iceblast (10)
Scrolls
 h - 5 scrolls of teleportation
 j - a scroll of fog
 p - 2 scrolls of enchant armour
 t - 3 scrolls of identify
 u - a scroll of silence
Potions
 f - a potion of ambrosia {unknown}
 k - a potion of cancellation {unknown}
 n - 2 potions of haste {unknown}
 q - a potion of brilliance
 r - a potion of resistance {unknown}


   Skills:
 + Level 6.0 Fighting
 + Level 7.8 Long Blades
 + Level 1.3 Throwing
 + Level 5.9 Armour
 + Level 4.6 Dodging
 + Level 2.2 Stealth
 + Level 0.5 Spellcasting
 + Level 0.6 Hexes
 + Level 0.5 Ice Magic
 + Level 4.8 Invocations
 + Level 2.2 Evocations


You had 7 spell levels left.
You knew the following spells:

 Your Spells              Type           Power      Damage    Failure   Level
a - Ensorcelled Hibernat  Hex/Ice        4%         N/A       43%         2

Your spell library contained the following spells:

 Spells                   Type           Power      Damage    Failure   Level
 Tukima's Dance           Hex            2%         N/A       65%         3
 Spider Form              Tmut/Pois      0%         N/A       75%         3
 Passage of Golubria      Tloc           N/A        N/A       98%         4
 Yara's Violent Unravell  Hex/Tmut       0%         3d3       100%        5
 Shadow Creatures         Summ           N/A        N/A       100%        6


Dungeon Overview and Level Annotations

Branches:
Dungeon (7/15)             Temple (0/1) D:4

Altars:
Cheibriados
Elyvilon
Makhleb
Nemelex Xobeh
Ru
Wu Jian
The Shining One

Shops:
D:4 !   D:5 *

Annotations:
D:7 Joseph


Innate Abilities, Weirdness & Mutations

You have razor-sharp toenails.
You may rarely emit foul miasma when damaged in melee.
You regenerate a little health from kills.
When seriously injured, your bleeding wounds create armour. (AC +6)


Message History

You slash the bullfrog!
You kill the bullfrog!
Lugonu accepts your kill.
Joseph shoots a sling bullet.
The sling bullet hits you.
Throw: 7 boomerangs
Press: ? - help, Q - select action, (/) - cycle Shift-Dir - straight line, f/p - Joseph
Aim: Joseph, wielding a +0 hunting sling, wearing a +0 leather armour, quivering sling bullets and carrying a wand of paralysis (7) (lightly wounded, 60% to hit)
You throw a boomerang. The boomerang hits Joseph.
Joseph is lightly wounded.
Joseph shoots a sling bullet.
The sling bullet hits you.
You hit Joseph. Your kick misses Joseph.
Joseph is lightly wounded.
You hit Joseph. You claw Joseph.
Joseph is moderately wounded.
Joseph unwields a +0 hunting sling.
Joseph wields a +0 quarterstaff.
Joseph hits you but does no damage.
You slash Joseph! Your kick misses Joseph.
Joseph is heavily wounded.
Joseph hits you with a +0 quarterstaff!
Your blood congeals into armour.
You barely miss Joseph.
Joseph is heavily wounded.
Joseph hits you but does no damage.
You hit Joseph but do no damage.
Joseph is heavily wounded.
Joseph zaps a wand.
You easily resist.
You slash Joseph!
Joseph is severely wounded.
Joseph zaps a wand.
You suddenly lose the ability to move!
Joseph hits you but does no damage. Joseph hits you with a +0 quarterstaff!
The wight hits you but does no damage.
Joseph zaps a wand.
You shrug off the repeated paralysis!
The wight hits you but does no damage. Joseph hits you with a +0 quarterstaff!
* * * LOW HITPOINT WARNING * * *
The wight hits you with a +2 great sword.
* * * LOW HITPOINT WARNING * * *
You feel drained.
* * * LOW HITPOINT WARNING * * *
Joseph hits you with a +0 quarterstaff!
You die...

..... ....... .....#
###.......
#.......###.....@...
#.........#..#.....z
.....#....#..#......
.....###............
....................
..)...#.z@[#........
........@#####..####
........### #...#
......#...##....##
......#..#.#.....+
................##
..........##.....#
..........##...#####
##...................
........####...#.....


You could see Joseph and a wight.

Vanquished Creatures
  The ghost of quinnr the Sneak, a novice OpVM of Yredelemnul (D:4)
  A troll (D:5)
  Sigmund (D:6)
  A wyvern (D:6)
  Menkaure (D:6)
  5 water moccasins
  3 ice beasts
  A necrophage (D:6)
  2 black bears
  An ogre (D:4)
  A centaur (D:5)
  A bullfrog (D:7)
  A gnoll sergeant (D:5)
  3 scorpions
  A wyvern zombie (D:6)
  A wight (D:7)
  A bullfrog zombie (D:6)
  A quasit (Abyss:1)
  3 hounds
  A centaur skeleton (D:6)
  2 jellies (D:5)
  A bullfrog skeleton (D:5)
  Terence (D:3)
  Jessica (D:3)
  Ijyb (D:4)
  A scorpion zombie (D:5)
  Natasha (thrice) (D:3)
  4 iguanas (D:6)
  3 orc wizards
  A hound skeleton (D:4)
  5 gnolls
  4 adders
  A white imp (D:6)
  2 ufetubi
  3 worms
  2 dart slugs
  11 orcs
  3 ball pythons
  6 endoplasms
  7 giant cockroaches
  5 goblins
  3 hobgoblins (D:1)
  10 jackals
  6 kobolds
  3 quokkas
  9 bats
  3 frilled lizards (D:1)
  6 rats
138 creatures vanquished.

Notes
Turn   | Place    | Note
-------+----------+-------------------------------------------
     0 | Abyss:1  | thirtiethelement the Demonspawn Abyssal Knight began the
                  | quest for the Orb.
     0 | Abyss:1  | Reached XP level 1. HP: 18/18 MP: 2/2
    63 | Abyss:1  | Noticed a quasit
    75 | Abyss:1  | Killed a quasit
    76 | Abyss:1  | Reached skill level 2 in Long Blades
    76 | Abyss:1  | Reached skill level 1 in Dodging
    76 | Abyss:1  | Gained mutation: You have sharp toenails. [demonic
                  | ancestry]
    76 | Abyss:1  | Reached XP level 2. HP: 6/25 MP: 4/4
    76 | Abyss:1  | Gained mutation: When seriously injured, your bleeding
                  | wounds create armour. (AC +6) [demonic ancestry]
    76 | Abyss:1  | Reached XP level 3. HP: 7/30 MP: 5/5
   126 | Abyss:1  | Noticed a glowing orange brain
   140 | Abyss:1  | Noticed a glowing orange brain
   140 | Abyss:1  | Noticed a spatial maelstrom
   173 | Abyss:1  | Noticed a large abomination
   202 | D:1      | Escaped the Abyss
   414 | D:1      | Found a faded altar of an unknown god.
   687 | D:1      | Reached * piety under Lugonu
  1281 | D:2      | Gained mutation: You regenerate a little health from kills.
                  | [demonic ancestry]
  1281 | D:2      | Reached XP level 4. HP: 29/37 MP: 6/6
  2251 | D:3      | Reached ** piety under Lugonu
  2370 | D:3      | Noticed Natasha
  2374 | D:3      | Killed Natasha
  2375 | D:3      | Reached skill level 3 in Long Blades
  2375 | D:3      | Gained mutation: You have razor-sharp toenails. [demonic
                  | ancestry]
  2375 | D:3      | Reached XP level 5. HP: 33/42 MP: 7/7
  2402 | D:3      | Noticed Natasha
  2411 | D:3      | Killed Natasha
  2893 | D:3      | Noticed Jessica
  2899 | D:3      | Killed Jessica
  2968 | D:3      | Noticed Terence
  2986 | D:3      | Killed Terence
  2990 | D:3      | Noticed Natasha
  3005 | D:3      | Killed Natasha
  3006 | D:3      | Reached XP level 6. HP: 24/48 MP: 8/8
  3395 | D:3      | Found a snail-covered altar of Cheibriados.
  3495 | D:4      | Found a sparkling altar of Nemelex Xobeh.
  3495 | D:4      | Found an ornate altar of the Wu Jian Council.
  3519 | D:4      | Reached skill level 1 in Stealth
  3560 | D:4      | Reached skill level 4 in Long Blades
  3969 | D:4      | Noticed Ijyb
  3999 | D:4      | Killed Ijyb
  4111 | D:4      | Found a sacrificial altar of Ru.
  4270 | D:4      | Found a runed translucent door.
  4271 | D:4      | Noticed quinnr's ghost (novice OpVM)
  4298 | D:4      | Killed quinnr's ghost
  4299 | D:4      | Reached skill level 5 in Long Blades
  4299 | D:4      | Gained mutation: You may rarely emit foul miasma when
                  | damaged in melee. [demonic ancestry]
  4299 | D:4      | Reached XP level 7. HP: 15/55 MP: 9/9
  4602 | D:4      | Found Valuz's Distillery.
  4605 | D:4      | Bought a potion of heal wounds for 60 gold pieces
  4605 | D:4      | Bought a potion of brilliance for 48 gold pieces
  4695 | D:4      | Found a staircase to the Ecumenical Temple.
  4762 | D:5      | Entered Level 5 of the Dungeon
  5070 | D:5      | Reached XP level 8. HP: 48/61 MP: 10/10
  5256 | D:5      | Noticed a troll
  5279 | D:5      | HP: 1/61 [troll (3)]
  5280 | D:5      | Killed a troll
  5281 | D:5      | Reached skill level 5 in Fighting
  5281 | D:5      | Reached skill level 6 in Long Blades
  5281 | D:5      | Reached skill level 1 in Evocations
  5599 | D:5      | Learned a level 2 spell: Ensorcelled Hibernation
  6016 | D:5      | Found a burning altar of Makhleb.
  6081 | D:5      | Found Feguydun's Serpentskin Sales.
  7216 | D:6      | Noticed Sigmund
  7230 | D:6      | Killed Sigmund
  7231 | D:6      | Reached XP level 9. HP: 68/68 MP: 12/12
  7320 | D:6      | Reached skill level 5 in Armour
  7788 | D:5      | Reached *** piety under Lugonu
  7862 | D:6      | Reached skill level 7 in Long Blades
  8422 | D:6      | Noticed Menkaure
  8443 | D:6      | Killed Menkaure
  9201 | D:7      | Noticed Joseph
  9231 | D:7      | Reached skill level 1 in Throwing
  9470 | D:7      | Paralysed by Joseph for 6 turns
  9475 | D:7      | Slain by Joseph

Illustrated notes

Levels and vault maps discovered:
D:1:      minmay_arrival_widening_spiral_wide, layout_loops_ring,
          chequers_ecumenical_altar_simple_redux
D:2:      cheibrodos_old_hovel, layout_basic, minmay_misc_feat_cross
D:3:      layout_loops_corners, slow_altar_2, nicolae_tso_carved_into_rock,
          uniq_terence, uniq_natasha, uniq_jessica
D:4:      layout_loops_ring, grunt_temple_overflow_open,
          overflow_temple_1_default, minmay_temple_entry_fiery,
          ebering_ghost_reflecting_pool, serial_shops, kennysheep_mini_moat,
          uniq_ijyb
D:5:      layout_gridville, mainiacjoe_overflow_catwalk,
          minmay_tree_intersection, guppyfry_shop_venom
D:6:      layout_basic, uniq_sigmund, uniq_menkaure
D:7:      lemuel_slime, layout_cave_pools, st_stairs_1, uniq_pikel, uniq_harold,
          uniq_maggie, uniq_joseph

Skill      XL: |  1  2  3  4  5  6  7  8  9 |
---------------+----------------------------+-----
Long Blades    | 2 3 5 6 7 |  7.8
Armour         | 2 3 4 5 |  5.9
Dodging        | 1 2 4 |  4.6
Fighting       | 4 5 6 |  6.0
Stealth        | 1 2 |  2.2
Evocations     | 2 |  2.2
Invocations    | 4 |  4.8
Throwing       | 1 |  1.3
Spellcasting   | |  0.5
Hexes          | |  0.6
Ice Magic      | |  0.5

Action                   |  1- 3 |  4- 6 |  7- 9 || total
-------------------------+-------+-------+-------++-------
Melee: Falchion          |    89 |   201 |   363 ||   653
       Kick              |    15 |    71 |   106 ||   192
Throw: Boomerang         |       |       |    14 ||    14
 Cast: Ensorcelled Hiber |       |       |     6 ||     6
Invok: Depart the Abyss  |     1 |       |       ||     1
       Bend Space        |       |       |    12 ||    12
Evoke: Wand              |       |     1 |    26 ||    27
  Use: Scroll            |     3 |     3 |     1 ||     7
       Potion            |       |       |     6 ||     6
 Stab: Sleeping          |       |     2 |     1 ||     3
       Distracted        |       |       |     1 ||     1
Armor: Leather armour    |    51 |    33 |       ||    84
       Robe              |       |    35 |       ||    35
       Ring mail         |       |     9 |   246 ||   255
Dodge: Dodged            |    70 |    90 |   270 ||   430
       Rpst.: Falchion   |    16 |    31 |    71 ||   118
